 Dungeon Crawl Stone Soup version 0.23-a0-577-g2b1de94 (console) character file.

74 Duffy the Magician (level 4, -3/36 HPs)
             Began as a Naga Wizard on Dec 14, 2018.
             Slain by a worm (5 damage)
             ... on level 3 of the Dungeon.
             The game lasted 00:01:50 (1492 turns).

Duffy the Magician (Naga Wizard)                    Turns: 1492, Time: 00:01:50

Health: -3/36      AC:  2    Str: 10    XL:     4   Next: 30%
Magic:  1/9        EV: 10    Int: 19    God:
Gold:   54         SH:  0    Dex:  9    Spells: 7/10 levels left

rFire    . . .     SeeInvis +   m - -2 dagger (curse)
rCold    . . .     Gourm    .   (no shield)
rNeg     . . .     Faith    .   a - +0 robe
rPois    +         Spirit   .   (no helmet)
rElec    .         Reflect  .   (no cloak)
rCorr    .         Harm     .   (no gloves)
MR       .....                  (no barding)
Stlth    ++........             (no amulet)
HPRegen  0.12/turn              (no ring)
MPRegen  0.11/turn              (no ring)

@: very slow
A: large, see invisible, deformed body, poison resistance, slowness 2, slow
metabolism 1, spit poison 1, AC +1
a: Spit Poison


You were on level 3 of the Dungeon.
You were not hungry.

You visited 1 branch of the dungeon, and saw 3 of its levels.

You collected 54 gold pieces.

Inventory:

Hand Weapons
 m - a cursed -2 dagger (weapon)
Armour
 a - a +0 robe (worn)
 b - a +0 hat
 n - a +0 helmet
Scrolls
 f - a scroll of teleportation
 p - a scroll of immolation {unknown}
 q - a scroll of identify {unknown}
Potions
 e - 3 potions of brilliance {unknown}
 g - a potion of heal wounds {unknown}
 h - a potion of flight {unknown}
 i - a potion of magic {unknown}
 j - a potion of lignification {unknown}
 k - 2 potions of curing {unknown}
 l - a potion of cancellation {unknown}
 o - a potion of agility {unknown}
Comestibles
 d - 4 rations


   Skills:
 - Level 1.5 Dodging
 - Level 3.0 Stealth
 + Level 3.9 Spellcasting
 + Level 2.8 Conjurations
 - Level 1.0 Summonings
   Level 1.0 Translocations


You had 7 spell levels left.
You knew the following spells:

 Your Spells              Type           Power        Failure   Level  Hunger
h - Magic Dart            Conj           ##..         4%          1    None
i - Call Imp              Summ           #.......     14%         2    ##.....

Your spell library contained the following spells:

 Spells                   Type           Power        Failure   Level  Hunger
 Blink                    Tloc           N/A          14%         2    ##.....
 Slow                     Hex            #.......     22%         2    ##.....
 Conjure Flame            Conj/Fire      #.......     22%         3    ###....
 Mephitic Cloud           Conj/Pois/Air  #.......     28%         3    ###....


Dungeon Overview and Level Annotations

Branches:
Dungeon (3/15)

Altars:


Innate Abilities, Weirdness & Mutations

You cannot wear boots.
Your serpentine skin is tough. (AC +1)
You have supernaturally acute eyesight. (SInv)
Armour fits poorly on your strangely shaped body.
Your system is resistant to poisons. (rPois)
You cover ground very slowly.
You have a slow metabolism.
You can spit poison.


Message History

The orc priest hits you with a +0 club. The orc closely misses you.
Casting: Magic Dart (safe; 5% risk of failure)
Confirm with . or Enter, or press ? or * to list all spells.
Aiming: Magic Dart (safe; 5% risk of failure)
Press: ? - help, Shift-Dir - straight line, f/p - orc priest
Aim: an orc priest, wielding a +0 club and wearing a +0 leather armour (almost The magic dart hits the orc priest.
You kill the orc priest!
You have reached level 4!
You feel stronger. The orc closely misses you.
Unknown command.
Unknown command.
Unknown command.
Unknown command.
Unknown command.
You hit the worm.
The worm is lightly wounded.
The orc barely misses you. The worm bites you.
You die...

.. .>
.### ...
.. #K##
#oo# #@#
#w>#
.....
#####...
####


You could see a worm, 2 orcs and a kobold.

Vanquished Creatures
  An orc priest (D:3)
  An adder (D:2)
  A worm (D:2)
  2 dart slugs
  2 leopard geckos (D:2)
  A ball python (D:1)
  A giant cockroach (D:2)
  3 hobgoblins
  5 bats
  A frilled lizard (D:2)
  2 goblins (D:1)
  8 kobolds
  4 rats
32 creatures vanquished.

Vanquished Creatures (collateral kills)
  A bat (D:2)
1 creature vanquished.

Grand Total: 33 creatures vanquished

Notes
Turn   | Place    | Note
-------+----------+-------------------------------------------
     0 | D:1      | Duffy the Naga Wizard began the quest for the Orb.
     0 | D:1      | Reached XP level 1. HP: 15/15 MP: 4/4
   221 | D:1      | Reached XP level 2. HP: 22/22 MP: 0/6
   292 | D:1      | Learned a level 2 spell: Call Imp
   975 | D:2      | Reached XP level 3. HP: 28/28 MP: 2/8
  1490 | D:3      | HP: 1/28 [orc priest/+0 club (2)]
  1491 | D:3      | Reached XP level 4. HP: 1/36 MP: 0/9
  1492 | D:3      | Slain by a worm

Vault maps used:
D:1:      giann_forest_graveyard, minmay_misc_feat_secret_circle
D:2:      first_ration, kennysheep_jessica_study
D:3:      nemelex_xobeh_ov_fountains_minmay, uniq_ijyb, uniq_grinder

Skill      XL: |  1  2 |
---------------+-------+-----
Conjurations   | 2 |  2.8
Dodging        | |  1.5
Stealth        | |  3.0
Spellcasting   | |  3.9
Summonings     | |  1.0
Translocations | |  1.0

Action                   |  1- 3 |  4- 6 || total
-------------------------+-------+-------++-------
Melee: Dagger            |       |     1 ||     1
 Cast: Magic Dart        |    90 |     1 ||    91
       Call Imp          |     1 |       ||     1
 Abil: Spit Poison       |     4 |       ||     4
  Use: Scroll            |     3 |       ||     3
  Eat: Chunk             |     1 |       ||     1
Armor: Robe              |     3 |       ||     3
Dodge: Dodged            |    10 |     2 ||    12

Table legend:
 A = Non-vault XP
 B = Vault XP
 C = Vault XP percentage of total XP
 D = Non-vault monster count
 E = Vault monster count
 F = Vault count percentage of total count
                 A         B        C        D         E       F
            +---------+---------+-------+---------+---------+-------
      Total |     107 |       0 |   0.0 |      33 |       0 |   0.0
            +---------+---------+-------+---------+---------+-------
        D:1 |      25 |       0 |   0.0 |      18 |       0 |   0.0
        D:2 |      41 |       0 |   0.0 |      14 |       0 |   0.0
        D:3 |      41 |       0 |   0.0 |       1 |       0 |   0.0
            +---------+---------+-------+---------+---------+-------
